 Dungeon Crawl Stone Soup version 0.27.0-1-g7a089689b8 (webtiles) character file.

Game seed: 5793236077371252169

177 bnorton916 the Conjurer (level 5, 0/28 HPs)
             Began as a Deep Elf Conjurer on Aug 7, 2021.
             Killed by nerve-wracking pain
             ... invoked by Grinder
              (14 damage)
             ... on level 3 of the Dungeon.
             The game lasted 00:02:09 (2205 turns).

bnorton916 the Conjurer (Deep Elf Conjurer)         Turns: 2205, Time: 00:02:10

Health: 0/28       AC:  5    Str:  4    XL:     5   Next: 30%
Magic:  7/15       EV: 12    Int: 24    God:
Gold:   113        SH:  0    Dex: 13    Spells: 12/15 levels left

rFire    . . .     SeeInvis .   (no weapon)
rCold    . . .     Faith    .   (no shield)
rNeg     . . .     Spirit   .   a - +0 robe
rPois    .         Reflect  .   (no helmet)
rElec    .         Harm     .   (no cloak)
rCorr    .         Rampage  .   l - +2 pair of gloves
Will     .....                  (no boots)
Stlth    ++........             (no amulet)
HPRegen  0.09/turn              (no ring)
MPRegen  0.14/turn              (no ring)

@: no status effects
A: no striking features
a: no special abilities


You were on level 3 of the Dungeon.
You visited 1 branch of the dungeon, and saw 3 of its levels.

You collected 113 gold pieces.

Inventory:

Missiles
 g - 72 stones
Armour
 a - a +0 robe (worn)
 l - a +2 pair of gloves (worn)
Scrolls
 b - a scroll of teleportation {unknown}
 c - a scroll of brand weapon {unknown}
 e - a scroll of immolation {unknown}
 f - 4 scrolls of identify {unknown}
 j - a scroll of blinking {unknown}
 m - a scroll of vulnerability {unknown}
 o - a scroll of fear {unknown}
Potions
 d - a potion of berserk rage {unknown}
 h - a potion of attraction {unknown}
 i - a potion of degeneration {unknown}
 k - a potion of lignification {unknown}
 n - a potion of heal wounds {unknown}


   Skills:
 - Level 2.4 Dodging
 - Level 2.4 Stealth
 + Level 5.7 Spellcasting
 + Level 6.0 Conjurations


You had 12 spell levels left.
You knew the following spells:

 Your Spells              Type           Power      Damage    Failure   Level
a - Magic Dart            Conj           100%       1d8       1%          1
b - Searing Ray           Conj           70%        3d5       1%          2

Your spell library contained the following spells:

 Spells                   Type           Power      Damage    Failure   Level
 Shock                    Conj/Air       84%        1d8       2%          1
 Dazzling Flash           Conj/Hex       42%        N/A       7%          3
 Sublimation of Blood     Necr           3%         N/A       12%         2
 Wereblood                Tmut           6%         N/A       12%         2
 Swiftness                Air            6%         N/A       24%         3
 Fulminant Prism          Conj/Hex       10%        3d9       24%         4
 Iskenderun's Mystic Bla  Conj/Tloc      21%        2d6       24%         4
 Airstrike                Air            3%         N/A       63%         4
 Summon Hydra             Summ           3%         N/A       100%        7


Dungeon Overview and Level Annotations

Branches:
Dungeon (3/15)

Altars:

Annotations:
D:3 Grinder


Message History

Grinder comes into view.
Casting: Magic Dart (safe; 1% risk of failure)
Confirm with . or Enter, or press ? or * to list all spells.
Aiming: Magic Dart (safe; 1% risk of failure)
Press: ? - help, Shift-Dir - straight line, f - Grinder
Aim: Grinder (100% to hit)
The magic dart hits Grinder.
Grinder is lightly wounded.
Casting: Magic Dart (safe; 1% risk of failure)
Confirm with . or Enter, or press ? or * to list all spells.
Aiming: Magic Dart (safe; 1% risk of failure)
Press: ? - help, Shift-Dir - straight line, f/p - Grinder
Aim: Grinder (lightly wounded, 100% to hit)
The magic dart hits Grinder.
Grinder is lightly wounded.
Grinder hits you.
Casting: Magic Dart (safe; 1% risk of failure)
Confirm with . or Enter, or press ? or * to list all spells.
Aiming: Magic Dart (safe; 1% risk of failure)
Press: ? - help, Shift-Dir - straight line, f/p - Grinder
Aim: Grinder (lightly wounded, 100% to hit)
The magic dart hits Grinder.
Grinder is moderately wounded.
Grinder says, "Don't move a muscle."
Grinder hits you.
You writhe in agony.
Casting: Magic Dart (safe; 1% risk of failure)
Confirm with . or Enter, or press ? or * to list all spells.
Aiming: Searing Ray (safe; 1% risk of failure)
Press: ? - help, Shift-Dir - straight line, f/p - Grinder
Aim: Grinder (moderately wounded, 78% to hit)
The searing ray hits Grinder!
Grinder is heavily wounded. (Press . to maintain the ray.) Grinder hits you.
You writhe in agony.
The searing ray hits Grinder!
Grinder is severely wounded.
Grinder gestures at you. Pain shoots through your body!
Ouch! That really hurt!
You die...

.... .... ..... .....
..... #.... . .... #....
.. ###..# ..##.# #.
#.5..# .# ...#. #@# .# #
#.#.#######.#.# #
#.....##.(....# #
#......###.......
#...####......... ##
#....##....<.....
.#######..#.##..........
........................
....###..##..#.>........


You could see Grinder.

Vanquished Creatures
  A hound (D:3)
  Natasha (thrice) (D:2)
  2 adders
  A worm (D:2)
  2 dart slugs (D:1)
  3 orcs (D:3)
  4 giant cockroaches
  A goblin (D:1)
  6 hobgoblins
  4 jackals (D:1)
  2 quokkas
  3 ball pythons
  3 bats
  4 frilled lizards
  5 kobolds
  4 rats
48 creatures vanquished.

Notes
Turn   | Place    | Note
-------+----------+-------------------------------------------
     0 | D:1      | bnorton916 the Deep Elf Conjurer began the quest for the
                  | Orb.
     0 | D:1      | Reached XP level 1. HP: 10/10 MP: 6/6
    83 | D:1      | Found a faded altar of an unknown god.
   114 | D:1      | Reached XP level 2. HP: 15/15 MP: 2/8
   634 | D:1      | Reached skill level 5 in Conjurations
   634 | D:1      | Reached XP level 3. HP: 19/19 MP: 7/10
   637 | D:1      | Learned a level 2 spell: Searing Ray
  1206 | D:2      | Noticed Natasha
  1210 | D:2      | Killed Natasha
  1305 | D:2      | Noticed Natasha
  1311 | D:2      | Killed Natasha
  1312 | D:2      | Reached XP level 4. HP: 17/24 MP: 5/12
  1485 | D:2      | Reached skill level 5 in Spellcasting
  1635 | D:2      | Noticed Natasha
  1639 | D:2      | Killed Natasha
  2009 | D:3      | Reached XP level 5. HP: 28/28 MP: 9/14
  2197 | D:3      | Reached skill level 6 in Conjurations
  2200 | D:3      | Noticed Grinder
  2205 | D:3      | Killed from afar by Grinder

Illustrated notes

Levels and vault maps discovered:
D:1:      mrwooster_arrival_statue_2, layout_loops_ring, basic_ecumenical_altar
D:2:      layout_rooms, minmay_quadrilaterals, uniq_natasha
D:3:      layout_rooms, serial_shops, shop, uniq_grinder

Skill      XL: |  1  2  3  4  5 |
---------------+----------------+-----
Spellcasting   | 4 5 |  5.7
Conjurations   | 5 6 |  6.0
Dodging        | |  2.4
Stealth        | |  2.4

Action                   |  1- 3 |  4- 6 || total
-------------------------+-------+-------++-------
 Cast: Magic Dart        |    68 |    42 ||   110
       Searing Ray       |       |     1 ||     1
Dodge: Dodged            |     3 |       ||     3
